Map: Odyssey LE

Players

Bly

  • Race: Zerg Zerg
  • League: Grandmaster
  • Spawn Location: 11:00

aLive - Winner!

  • Race: Terran Terran
  • Spawn Location: 5:00

Event: HomeStory Cup XVI

VOD

Have the link to the VOD?

Description

Time

  • Played on: Nov. 11, 2017, 12:19 p.m.
  • Length: 16:11

All games in this series

Show
View Real Time Build Order
Export as new Build Order

Bly Zerg 

Build Orders: Pool First 

Get SALT Encoding   

  12  0:01  Drone  
  13  0:13  Overlord  
  13  0:17  Drone  
  14  0:31  Drone x2  
  16  0:41  Spawning Pool  
  15  0:46  Drone  
  15  0:48  Drone  
  17  1:09  Hatchery  
  16  1:13  Drone  
  17  1:27  Extractor  
  17  1:28  Zergling x2  
  17  1:29  Zergling x4  
  17  1:32  Queen  
  19  1:39  Overlord  
  21  1:52  Drone  
  22  2:01  Drone  
  22  2:08  Queen  
  23  2:11  Drone  
  26  2:26  Drone x2  
  26  2:27  Queen  
  29  2:39  Drone x2  
  31  2:51  Drone x2  
  31  2:55  Drone x2  
  31  2:56  Drone  
  36  2:59  Overlord  
  36  3:04  Overlord  
  35  3:13  Metabolic Boost  
  35  3:17  Drone x2  
  35  3:18  Drone  
  37  3:27  Drone  
  37  3:28  Hatchery  
  37  3:32  Drone x3  
  37  3:33  Drone  
  41  3:41  Overlord  
  41  3:52  Drone x3  
  41  3:53  Extractor  
  43  3:57  Overlord  
  43  4:01  Overlord  
  43  4:02  Drone  
  44  4:05  Drone  
  45  4:10  Drone  
  45  4:13  Evolution Chamber  
  45  4:14  Queen  
  45  4:15  Queen  
  50  4:23  Drone x5  
  55  4:35  Zergling x10  
  60  4:39  Zerg Ground Armor Level 1  
  60  4:40  Overlord  
  60  4:42  Queen  
  60  4:44  Zergling x4  
  64  4:52  Zergling x4  
  66  5:16  Queen x2  
  66  5:18  Evolution Chamber  
  66  5:19  Zergling x8  
  66  5:20  Zergling x12  
  79  5:22  Drone  
  80  5:32  Overlord  
  79  5:36  Overlord, Zergling x4  
  79  5:51  Drone x4  
  79  5:52  Drone x6  
  79  5:55  Overlord  
  89  5:57  Overlord  
  89  6:00  Extractor  
  89  6:03  Hatchery  
  84  6:05  Zergling x6  
  84  6:10  Zerg Melee Weapons Level 1  
  84  6:11  Drone x2  
  89  6:12  Lair  
  89  6:13  Extractor  
  89  6:16  Drone x2  
  89  6:17  Baneling Nest, Hatchery  
  88  6:31  Zergling x6  
  88  6:32  Zergling x12  
  90  6:41  Zergling x2  
  90  6:42  Zergling x8  
  90  6:46  Overlord  
  93  6:53  Extractor  
  92  6:54  Extractor  
  92  6:56  Zergling x6  
  91  7:10  Zergling x8  
  91  7:11  Zergling x12  
  91  7:14  Zerg Ground Armor Level 2  
  91  7:15  Centrifical Hooks  
  97  7:16  Drone x3  
  97  7:19  Infestation Pit, Extractor  
  98  7:24  Spore Crawler, Drone  
  98  7:27  Overlord  
  98  7:33  Zergling x12  
  104  7:37  Baneling x9  
  104  7:43  Zergling x2  
  104  7:44  Zergling x12  
  100  7:59  Drone x3  
  100  8:02  Drone  
  100  8:03  Drone x8  
  100  8:05  Drone  
  89  8:06  Baneling x10  
  89  8:11  Drone x3  
  89  8:12  Drone x2  
  94  8:20  Drone x3  
  94  8:23  Drone x2  
  97  8:32  Drone x4  
  97  8:33  Drone  
  100  8:51  Drone x7  
  100  8:52  Drone x5  
  112  9:02  Zergling x16  
  120  9:03  Zergling x2  
  120  9:06  Burrow  
  121  9:21  Hatchery  
  120  9:30  Zerg Melee Weapons Level 2  
  120  9:36  Hatchery  
  118  9:42  Baneling x4  
  115  9:49  Zergling x6  
  115  9:50  Overlord  
  115  9:51  Overlord x5  
  115  9:52  Hive  
  119  9:58  Hatchery  
  107  10:13  Infestor x6  
  117  10:15  Zergling x12  
  117  10:16  Zergling x8  
  127  10:32  Zergling x2  
  127  10:33  Zergling x16  
  136  10:40  Baneling x11  
  136  10:44  Overlord  
  129  11:03  Baneling x7  
  129  11:04  Hatchery  
  129  11:07  Baneling x7  
  129  11:08  Ultralisk Cavern  
  127  11:17  Zergling x10  
  127  11:18  Zergling x26  
  137  11:30  Zergling x8  
  114  11:55  Drone  
  114  11:56  Drone x6  
  114  11:58  Hatchery  
  114  12:02  Chitinous Plating  
  114  12:04  Ultralisk x2  
  125  12:16  Ultralisk x2  
  134  12:27  Zergling x4  
  134  12:28  Zergling x12  
  110  12:37  Zergling x2  
  110  12:38  Zergling x10  
  97  12:53  Ultralisk  
  97  12:54  Infestor x3  
  109  13:12  Drone  
  109  13:13  Drone x10  
  119  13:27  Baneling  
  119  13:28  Baneling x4  
  119  13:29  Baneling  
  119  13:33  Infestor x4  
  125  13:35  Drone x3  
  125  13:36  Drone x3  
  127  14:00  Zergling x12  
  127  14:01  Zergling x14  
  131  14:20  Baneling x5  
  131  14:21  Baneling x7  
  131  14:24  Infestor x4  
  131  14:28  Hatchery  
  129  14:49  Ultralisk  
  129  14:50  Zergling x22  
  145  15:02  Ultralisk  
  134  15:19  Queen x2  
  136  15:25  Zergling x2  
  136  15:26  Zergling x12  
  142  15:37  Zergling x10  
Show
View Real Time Build Order
Export as new Build Order

aLive Terran - Winner!

Build Orders: Reaper Expand, MMM Bio 

Get SALT Encoding   

  12  0:00  SCV  
  13  0:12  SCV  
  14  0:17  Supply Depot  
  14  0:25  SCV  
  15  0:38  SCV  
  15  0:40  Barracks  
  16  0:44  Refinery  
  16  0:50  SCV  
  17  1:02  SCV  
  18  1:15  SCV  
  19  1:28  Reaper, Orbital Command  
  20  1:40  Command Center  
  20  1:51  Barracks  
  20  1:55  SCV  
  21  2:01  Barracks Reactor  
  21  2:07  SCV  
  22  2:11  Supply Depot  
  22  2:19  SCV  
  22  2:28  Factory, Refinery  
  22  2:38  Marine x2  
  22  2:40  Barracks Tech Lab  
  22  2:41  SCV  
  24  2:53  SCV  
  24  2:56  Marine x2  
  27  3:01  Marine  
  28  3:06  SCV  
  28  3:13  Stimpack  
  28  3:15  Marine  
  28  3:16  Marine  
  28  3:18  SCV  
  31  3:32  Orbital Command, SCV, Marine  
  33  3:34  Marine  
  33  3:35  Marine  
  35  3:42  Starport, Factory Reactor  
  35  3:46  SCV  
  36  3:50  Marine  
  37  3:58  SCV  
  37  3:59  SCV  
  39  4:02  Marine  
  39  4:03  Marine  
  41  4:10  SCV  
  41  4:11  SCV  
  41  4:12  Supply Depot  
  41  4:14  Marine  
  41  4:15  Supply Depot  
  44  4:23  SCV x2  
  46  4:33  Medivac x2  
  46  4:35  SCV x2  
  46  4:36  Marine x2  
  46  4:37  Marine  
  55  4:42  Engineering Bay  
  55  4:44  Engineering Bay  
  55  4:47  SCV  
  55  4:48  SCV  
  57  4:52  Supply Depot  
  57  4:57  Liberator  
  57  4:59  SCV, Marine x3  
  61  5:00  SCV  
  62  5:14  SCV x2, Terran Infantry Weapons Level 1  
  62  5:16  Terran Infantry Armor Level 1  
  67  5:28  Command Center  
  67  5:29  SCV  
  68  5:36  Combat Shields  
  68  5:37  Supply Depot  
  68  5:49  SCV x2  
  69  5:51  Barracks  
  69  5:52  Refinery  
  69  5:53  Barracks  
  69  5:54  Refinery  
  69  6:01  SCV x2  
  69  6:05  Barracks, Marine x3  
  69  6:09  Supply Depot  
  72  6:13  Supply Depot, SCV x2  
  72  6:15  Factory Reactor  
  74  6:21  Medivac x2  
  78  6:30  SCV x2, Marine x3  
  83  6:35  Supply Depot  
  83  6:38  Supply Depot  
  83  6:41  Barracks Reactor x2  
  83  6:42  SCV  
  83  6:45  Orbital Command  
  83  6:46  SCV  
  85  6:48  Marine x3  
  85  6:52  Armory  
  88  6:55  Widow Mine x2  
  92  7:02  SCV x2  
  92  7:05  Orbital Command  
  92  7:06  Marine  
  92  7:07  Barracks Reactor, Marine x2  
  97  7:17  Medivac x2  
  97  7:22  Supply Depot, SCV x2  
  103  7:23  Supply Depot  
  103  7:24  Marine x5  
  103  7:25  Marine x2  
  110  7:35  SCV x2  
  112  7:41  Marine  
  113  7:46  Marine x4  
  113  7:47  SCV x3  
  113  7:49  Terran Infantry Weapons Level 2, Terran Infantry Armor Level 2  
  120  7:57  Supply Depot  
  117  7:58  Supply Depot  
  117  8:02  SCV x3  
  117  8:03  Marine  
  117  8:04  Marine x3  
  117  8:14  SCV x3  
  120  8:24  Barracks  
  120  8:26  Widow Mine x2, Barracks  
  124  8:27  Barracks  
  124  8:32  Liberator x2  
  123  8:42  Marine x8  
  123  8:43  Marauder  
  123  8:46  Supply Depot  
  123  8:48  Supply Depot  
  136  8:53  Refinery  
  136  8:54  Refinery  
  137  9:03  Marine  
  137  9:04  Marine x7  
  137  9:05  Marauder  
  137  9:06  Concussive Shells  
  147  9:13  Supply Depot  
  147  9:16  Barracks Reactor, Barracks Tech Lab x2  
  146  9:17  Supply Depot  
  146  9:27  Marauder, Marine x5  
  146  9:28  Marine  
  146  9:29  Marine x2  
  156  9:34  Command Center  
  154  9:55  Marauder, Marine x10  
  154  9:56  Marauder  
  154  9:57  Marauder  
  159  10:07  Terran Infantry Weapons Level 3, Terran Infantry Armor Level 3  
  155  10:15  Marine x8  
  155  10:17  Marauder, Marine  
  155  10:18  Marauder x2, Marine  
  171  10:33  Supply Depot  
  171  10:34  Supply Depot, Liberator  
  171  10:35  Liberator  
  171  10:38  Marauder  
  174  10:43  Marauder x2, Marine x6  
  174  10:44  Command Center  
  188  10:59  Marauder  
  192  11:04  Marauder  
  192  11:05  Terran Ship Weapons Level 1  
  192  11:17  Marauder, Marine x6  
  195  11:40  Marauder x3, Marine x9  
  170  11:47  Medivac x2  
  172  12:01  Marauder  
  172  12:04  Marauder x2, Marine x8  
  172  12:07  Barracks Reactor  
  179  12:14  Widow Mine x2  
  181  12:22  Marauder  
  181  12:26  Marauder x2, Marine x7  
  162  12:35  Marine  
  160  12:43  Liberator x2  
  160  12:44  Marauder, Marine x5  
  161  12:47  Marauder x2  
  145  12:56  Planetary Fortress  
  138  13:05  Marauder  
  146  13:06  Starport, Fusion Core  
  146  13:09  Marauder x2  
  146  13:10  Starport  
  148  13:14  Marine  
  148  13:15  Marine x9  
  158  13:31  Marauder x3  
  158  13:33  Liberator x4  
  163  13:51  Starport Tech Lab  
  163  13:52  Marauder x3  
  172  13:57  Liberator  
  172  14:02  Marine x2  
  167  14:03  Marine x8  
  174  14:13  Marauder  
  174  14:14  Marauder x2, Advanced Ballistics  
  183  14:20  Marine  
  184  14:26  Marine  
  184  14:27  Marine x8  
  193  14:34  Liberator  
  193  14:35  Liberator x2  
  193  14:38  Marine  
  195  14:49  Marine x2  
  197  15:09  Medivac  
  197  15:10  Medivac  
  178  15:15  Command Center  
  173  15:21  Marine  
  173  15:22  Marauder x3, Marine x9  
  189  15:32  Barracks  
  189  15:33  Barracks x2  
  189  15:34  Medivac  
  191  15:41  Medivac  
Tags
 
Add a new tag
Caveats
  • Supply blocks, unpowered buildings, or Contaminate may cause inaccurate times.
  • Supply counts are checked every 10 seconds.